 Dungeon Crawl Stone Soup version 0.20.0-7-g3b7b877 (webtiles) character file.

2279 Chiseanne the Magician (level 9, 57/57 HPs)
             Began as a Demonspawn Wizard on May 29, 2017.
             Quit the game on level 6 of the Dungeon.
             The game lasted 00:21:17 (9433 turns).

Chiseanne the Magician (Demonspawn Wizard)          Turns: 9433, Time: 00:21:18

Health: 57/57      AC:  8    Str:  8    XL:     9   Next: 16%
Magic:  19/19      EV: 12    Int: 22    God:
Gold:   66         SH:  7    Dex: 18    Spells: 13/22 levels left

rFire    . . .     SeeInvis .   a - +1 rapier (protect)
rCold    . . .     Gourm    .   k - +1 buckler
rNeg     . . .     Faith    +   g - +0 robe
rPois    +         Spirit   .   b - +0 hat
rElec    .         Reflect  .   (no cloak)
rCorr    .         Harm     .   I - +1 pair of gloves "Toefidgh" {rPois Dex+6 Stlth-}
MR       .....                  j - +0 pair of boots
Stlth    ++........             w - amulet of faith
Regen    0.2/turn               D - ring of stealth
MPRegen  0.2/turn               (no ring)

@: no status effects
A: hooves 1, molten scales 2, powered by pain 2, rot immunity
a: no special abilities


You were on level 6 of the Dungeon.
You were not hungry.

You visited 1 branch of the dungeon, and saw 6 of its levels.

You collected 303 gold pieces.
You spent 237 gold pieces at shops.

Inventory:

Hand Weapons
 a - a +1 rapier of protection (weapon)
 s - a +1 dagger of speed
Missiles
 f - 63 sling bullets
 h - 2 needles of sleeping
 l - 226 stones (quivered)
 x - 21 poisoned needles
 B - 9 tomahawks
Armour
 b - a +0 hat (worn)
 g - a +0 robe (worn)
 j - a +0 pair of boots (worn)
 k - a +1 buckler (worn)
 E - a +0 shield
 I - the +1 pair of gloves "Toefidgh" (worn) {rPois Dex+6 Stlth-}
   (You bought it in a shop on level 6 of the Dungeon)

   It affects your dexterity (+6).
   It protects you from poison.
   It makes you less stealthy.
Jewellery
 q - an uncursed ring of ice
 w - an amulet of faith (around neck)
 D - a ring of stealth (left hand)
Wands
 p - a wand of paralysis (6/24)
 r - a wand of random effects (12/48)
 y - a wand of digging (1/24)
Scrolls
 e - 2 scrolls of teleportation
 u - 2 scrolls of remove curse
 C - 3 scrolls of identify
 H - a scroll of enchant armour
Potions
 o - a potion of berserk rage {unknown}
 v - a potion of might {unknown}
 z - 2 potions of resistance
 A - a potion of invisibility {unknown}
 F - a potion of lignification {unknown}
 G - 2 potions of flight {unknown}
Comestibles
 c - 10 fruits
 d - 4 bread rations
 i - 4 meat rations
 m - a royal jelly


   Skills:
 - Level 1.7 Dodging
 - Level 1.7 Stealth
 * Level 6.2 Shields
 * Level 7.2 Spellcasting
 * Level 7.0 Conjurations
   Level 1.0 Summonings
 - Level 0.8 Translocations


You had 13 spell levels left.
You knew the following spells:

 Your Spells              Type           Power        Failure   Level  Hunger
a - Magic Dart            Conj           ####         1%          1    None
b - Blink                 Tloc           N/A          9%          2    None
c - Conjure Flame         Conj/Fire      ###.....     5%          3    None
d - Mephitic Cloud        Conj/Pois/Air  ###.....     9%          3    None


Dungeon Overview and Level Annotations

Branches:
Dungeon (6/15)
 Temple: D:4-7

Altars:
Ashenzari
Fedhas
Kikubaaqudgha
Zin

Shops:
D:4 (   D:6 [


Innate Abilities, Weirdness & Mutations

You have large cloven feet.
You are mostly covered in molten scales. (AC +3)
You sometimes gain power by taking damage.
You are immune to rotting.


Message History

j - a pair of boots Wear which item? (? for menu, Esc to quit)
You start putting on your armour.
You continue putting on your pair of boots. x4
You finish putting on your +0 pair of boots.
There is an entrance to Vebbuzol's Antique Armour Shop here.
I - a pair of ichor-stained gloves Thank you for shopping at Vebbuzol's Antique Armour Shop!
You can access your shopping list by pressing '$'.
Wear which item? (? for menu, Esc to quit)
You start removing your armour.
You continue taking off your +0 pair of gloves. x4
You finish taking off your +0 pair of gloves.
You start putting on your armour.
You continue putting on your pair of ichor-stained gloves. x5
You finish putting on the +1 pair of gloves "Toefidgh" {rPois Dex+6 Stlth-}.
Drop what? 35/52 slots (_ for help) (? for menu, Esc to quit)
You drop a wand of iceblast (?/15) {empty}.
You drop a +0 pair of gloves.
Are you sure you want to abandon this character and quit the game? (Confirm with "yes".)

......#....##
............#
...###......#
.....###.#..#
...#<.####..#########
#.)##...............#
..))................#
.......####.........#
..†.>..# ##....@[..#
.....>.# #.....∩[.#
.......# #........#
.......# #........#
.......# #[.......#
.......# #........#
.......# ##########
########


There were no monsters in sight!

Vanquished Creatures
  Sigmund (D:6)
  Edmund (D:5)
  2 orc warriors
  3 sky beasts (D:5)
  A black bear (D:6)
  A centaur (D:5)
  4 ogres
  Blork the orc (D:5)
  A scorpion (D:6)
  3 killer bees (D:6)
  A howler monkey (D:4)
  An electric eel (D:6)
  2 crimson imps
  3 hounds
  A jelly (D:5)
  3 centaur skeletons
  An iguana (D:5)
  6 orc wizards
  A worker ant (D:4)
  2 hound zombies
  A howler monkey skeleton (D:6)
  10 adders
  3 oozes
  An adder skeleton (D:6)
  2 worms (D:3)
  A dart slug (D:2)
  3 leopard geckos
  29 orcs
  2 ball pythons
  8 bats
  10 giant cockroaches
  2 goblins (D:2)
  8 hobgoblins
  4 jackals (D:3)
  6 kobolds
  6 quokkas
  3 frilled lizards
  9 rats
  A butterfly (D:6)
148 creatures vanquished.

Vanquished Creatures (others)
  A leopard gecko (D:5)
1 creature vanquished.

Grand Total: 149 creatures vanquished

Notes
Turn   | Place    | Note
-------+----------+-------------------------------------------
     0 | D:1      | Chiseanne the Demonspawn Wizard began the quest for the Orb.
     0 | D:1      | Reached XP level 1. HP: 13/13 MP: 4/4
   546 | D:1      | Gained mutation: You sometimes gain a little power by taking damage. [demonic ancestry]
   546 | D:1      | Reached XP level 2. HP: 16/19 MP: 0/6
  1351 | D:2      | Found a glowing silver altar of Zin.
  1426 | D:2      | Reached skill level 1 in Shields
  1426 | D:2      | Gained mutation: You are partially covered in molten scales. (AC +2) [demonic ancestry]
  1426 | D:2      | Reached XP level 3. HP: 24/24 MP: 1/7
  1500 | D:2      | Found a shattered altar of Ashenzari.
  2202 | D:2      | Reached XP level 4. HP: 30/30 MP: 4/9
  2248 | D:2      | Learned a level 2 spell: Blink
  2252 | D:2      | Learned a level 3 spell: Conjure Flame
  2256 | D:2      | Learned a level 3 spell: Mephitic Cloud
  2605 | D:3      | Noticed an ogre
  2615 | D:3      | Killed an ogre
  2615 | D:3      | Gained mutation: You sometimes gain power by taking damage. [demonic ancestry]
  2615 | D:3      | Reached XP level 5. HP: 35/35 MP: 0/11
  4058 | D:3      | Found a blossoming altar of Fedhas.
  4515 | D:4      | Gained mutation: You have large cloven feet. [demonic ancestry]
  4515 | D:4      | Reached XP level 6. HP: 41/41 MP: 1/12
  4838 | D:4      | Found Loavvis's Weapon Shoppe.
  5443 | D:4      | Gained mutation: You are mostly covered in molten scales. (AC +3) [demonic ancestry]
  5443 | D:4      | Reached XP level 7. HP: 35/46 MP: 0/14
  5639 | D:5      | Entered Level 5 of the Dungeon
  5692 | D:5      | Reached skill level 5 in Spellcasting
  5889 | D:5      | Found an ancient bone altar of Kikubaaqudgha.
  6291 | D:5      | Reached skill level 5 in Conjurations
  6497 | D:5      | Noticed Blork the orc
  6508 | D:5      | Killed Blork the orc
  6508 | D:5      | Reached XP level 8. HP: 52/52 MP: 9/16
  7144 | D:5      | Reached skill level 5 in Shields
  7617 | D:6      | Noticed Edmund
  7957 | D:5      | Killed Edmund
  8347 | D:6      | HP: 2/52 [killer bee (2)]
  8852 | D:6      | Noticed Sigmund
  8859 | D:6      | Killed Sigmund
  8859 | D:6      | Gained mutation: You are immune to rotting. [demonic ancestry]
  8859 | D:6      | Reached XP level 9. HP: 57/57 MP: 9/19
  9404 | D:6      | Found Vebbuzol's Antique Armour Shop.
  9419 | D:6      | Bought a pair of ichor-stained gloves for 237 gold pieces
  9430 | D:6      | Identified the +1 pair of gloves "Toefidgh" {rPois Dex+6 Stlth-} (You bought it in a shop on level 6 of the Dungeon)
  9433 | D:6      | Quit the game

Skill      XL: |  1  2  3  4  5  6  7  8  9 |
---------------+----------------------------+-----
Shields        | 1 2 3 4 6 |  6.2
Conjurations   | 2 3 4 5 6 7 |  7.0
Spellcasting   | 4 5 7 |  7.2
Dodging        | |  1.7
Stealth        | |  1.7
Summonings     | |  1.0
Translocations | |  0.8

Action                   |  1- 3 |  4- 6 |  7- 9 || total
-------------------------+-------+-------+-------++-------
Melee: Mace              |    17 |    17 |       ||    34
       Rapier            |       |    28 |    63 ||    91
       Dagger            |       |     3 |       ||     3
       Kick              |       |     3 |    15 ||    18
 Cast: Magic Dart        |    85 |   167 |   242 ||   494
       Mephitic Cloud    |       |     7 |    20 ||    27
       Conjure Flame     |       |     1 |     6 ||     7
       Blink             |       |       |     8 ||     8
Evoke: Wand              |       |     1 |    16 ||    17
  Use: Scroll            |     3 |     6 |     4 ||    13
       Potion            |       |       |     4 ||     4
 Stab: Confused          |       |     1 |     1 ||     2
       Sleeping          |       |       |     1 ||     1
       Paralysed         |       |       |     9 ||     9
  Eat: Chunk             |     4 |    10 |    13 ||    27
Armor: Robe              |     5 |    21 |    34 ||    60
Dodge: Dodged            |    32 |    51 |    49 ||   132
Block: Buckler           |     3 |    16 |    34 ||    53
